 Dungeon Crawl Stone Soup version 0.17-a0-1701-gf693a3f (console) character file.

63 Monkaria the Scratcher (level 3, -18/17 HPs)
             Began as a Felid Chaos Knight on Aug 21, 2015.
             Demolished by a fire vortex (24 damage)
             ... summoned by the capriciousness of Xom
             ... on level 2 of the Dungeon.
             The game lasted 00:01:13 (1349 turns).

Monkaria the Scratcher (Felid Chaos Knight)         Turns: 1349, Time: 00:01:13

Health: -18/17     AC:  1    Str:  9    XL:     3   Next: 89%
Magic:  4/4        EV: 18    Int: 13    God:    Xom [..*...]
Gold:   48         SH:  0    Dex: 15    Spells: 0 memorised, 2 levels left
                                        Lives:  0   Deaths: 0

rFire  . . .     SeeInvis +       - Unarmed
rCold  . . .     Clarity  .     (armour unavailable)
rNeg   . . .     SustAt   .     (shield unavailable)
rPois  .         Gourm    .     (helmet unavailable)
rElec  .         Spirit   .     (cloak unavailable)
rCorr  .         Warding  .     (gloves unavailable)
rMut   .         Stasis   .     (boots unavailable)
MR     .....                    (no amulet)
Stlth  ++........               (no ring)
                                (no ring)

@: quick, not resistant to hostile enchantments, unstealthy
A: no armour, no weapons or thrown items, claws 1, fangs 3, see invisible,
carnivore 3, speed 1, shaggy fur 1, slow metabolism 1, sharp paws
a: Renounce Religion


You were on level 2 of the Dungeon.
You worshipped Xom.
You were a toy of Xom.
You were completely stuffed.

You visited 1 branch of the dungeon, and saw 2 of its levels.

You collected 48 gold pieces.

Inventory:

Scrolls
 b - a scroll of magic mapping {unknown}
 c - a scroll of enchant armour {unknown}
 d - a scroll of identify {unknown}
 e - a scroll of remove curse {unknown}
 f - a scroll of amnesia {unknown}
Potions
 h - a potion of flight {unknown}
Comestibles
 a - 3 meat rations
 g - a slice of pizza


   Skills:
 - Level 3.0 Fighting
 - Level 3.2 Dodging
 + Level 4.8 Unarmed Combat


You had 2 spell levels left.
You didn't know any spells.

Dungeon Overview and Level Annotations

Branches:
Dungeon (2/15)

Altars:


Innate Abilities, Weirdness & Mutations

You cannot wear armour.
You are incapable of wielding weapons or throwing items.
You have sharp claws.
You have razor-sharp teeth.
You have supernaturally acute eyesight.
You are carnivorous and can eat meat at any time.
You cover ground quickly.
You are covered in fur (AC +1).
You have a slow metabolism.
Your sharp claws are effective at attacking unaware monsters.


Message History

The polar bear misses you.
You barely miss the polar bear. The giant cockroach bites you.
The polar bear misses you. The polar bear closely misses you.
The polar bear claws you.
* * * LOW HITPOINT WARNING * * *
There are monsters nearby!
There are monsters nearby!
Unknown command.
Unknown command.
Unknown command.
Unknown command. "Boo!"
You hear Xom's maniacal laughter.
Fire whirls out from your ears!
You scratch the fire vortex. You bite the fire vortex.
The fire vortex is moderately damaged.
The fire vortex hits you. The fire vortex burns you!
Ouch! That really hurt!
You die...
Xom guffaws!

#.#####.# #..# #.#
#.#.#.# #.......#### #..#
#.# ##†#.#.
...........####..# #.#
#.#.#.#
#.#####..........# #.#
#.#(#. #.# #.##......##
##.#####.#.#.# #.##
#.##.######
#..†....#.#.#.
...####.##.# #####..#
###.#.#.# .#......##.#
#.hs...# ###.#.#
...#######.# #@####.#
#.#.. #%## ##.# #.# #.#
#.#%# #.# #..# #.# #.##
#.#÷# #.# #..##
#v###...## #.#.# #.#
#...####.##.....#####.#.#
#.#
#........<............#.#
#.#
#[..#.##........##.....(#
..#
#..............###.######
#.#######.###.###..##>##
#.#


You could see a polar bear shaped shifter and a giant cockroach.

Vanquished Creatures
  An adder (D:2)
  4 oozes
  A worm (D:2)
  A giant gecko (D:2)
  A ball python (D:1)
  A giant cockroach (D:1)
  7 jackals (D:2)
  6 kobolds
  3 bats
  3 giant newts
  7 goblins
  2 rats
37 creatures vanquished.

Notes
Turn   | Place    | Note
--------------------------------------------------------------
     0 | D:1      | Monkaria the Felid Chaos Knight began the quest for the Orb.
     0 | D:1      | Reached XP level 1. HP: 10/10 MP: 2/2
   129 | D:1      | Reached XP level 2. HP: 14/14 MP: 3/3
   210 | D:1      | XOM: harmless Chrm miscast
   500 | D:1      | Reached skill level 4 in Unarmed Combat
   773 | D:2      | Reached XP level 3. HP: 17/17 MP: 4/4
   965 | D:1      | XOM is BORED!
   965 | D:1      | XOM: mild Fire miscast
  1103 | D:2      | XOM: divination: detect creatures
  1338 | D:2      | Noticed a brain worm
  1338 | D:2      | a worm changed into a brain worm
  1338 | D:2      | XOM: polymorph worm -> brain worm
  1338 | D:2      | Noticed a tengu
  1338 | D:2      | a brain worm changed into a tengu
  1339 | D:2      | Noticed a black bear
  1339 | D:2      | a tengu changed into a black bear
  1340 | D:2      | Noticed a blink frog
  1340 | D:2      | a black bear changed into a blink frog
  1341 | D:2      | Noticed a polar bear
  1341 | D:2      | a blink frog changed into a polar bear
  1347 | D:2      | XOM: noise
  1348 | D:2      | XOM: mild Fire miscast
  1349 | D:2      | Demolished by a fire vortex

Vault maps used:
D:1:      dpeg_arrival_lava_temple_mockup, minmay_misc_feat_diagonals
D:2:      minmay_misc_feat_enclosed, minivault_23, uniq_crazy_yiuf_cottage

Action                   || total
-------------------------++-------
Melee: Unarmed           ||   108
 Stab: Sleeping          ||     2
  Eat: Chunk             ||     8
